 Dungeon Sprint DCSS version 0.30.1-11-g7821555f0a (webtiles) character file.

Game seed: 7455209619654329440

121 Heoruswealwe the Spear-Bearer (level 4, -10/45 HPs)
             Began as a Minotaur Fighter on Dec 28, 2023.
             Was an Initiate of Gozag.
             Mangled by a two-headed ogre
             ... wielding a +0 giant spiked club
              (17 damage)
             ... in the Dungeon (Sprint IX: "|||||||||||||||||||||||||||||").
             The game lasted 00:01:26 (113 turns).

Heoruswealwe the Spear-Bearer (Minotaur Fighter)     Turns: 113, Time: 00:01:27

Health: -10/45     AC:  7    Str: 22    XL:     4   Next: 77%
Magic:  3/3        EV:  9    Int:  5    God:    Gozag
Gold:   0          SH:  4    Dex: 10    Spells: 3/3 levels left

rFire   . . .        a - +0 trident
rCold   . . .        d - +0 buckler
rNeg    . . .        c - +0 scale mail
rPois   .            (helmet restricted)
rElec   .            (no cloak)
rCorr   .            (no gloves)
SInv    .            (no boots)
Will    .....        (no amulet) Stlth
                     (no ring)
HPRegen 0.27/turn    (no ring)
MPRegen 0.08/turn

%: no teleportation
@: no status effects
A: horns 2, retaliatory headbutt
a: Renounce Religion, Potion Petition, Call Merchant, Bribe Branch


You were in the Dungeon.
You worshipped Gozag.
Gozag was noncommittal.
You visited 1 branch

Inventory:

Hand Weapons
 a - a +0 trident (weapon)
Armour
 c - a +0 scale mail (worn)
 d - a +0 buckler (worn)
Jewellery
 k - a +3 ring of intelligence
 l - a +3 ring of dexterity
Wands
 h - a wand of roots (10)
Scrolls
 j - 2 scrolls of blinking
Potions
 b - a potion of might
 e - 2 potions of heal wounds
 f - 4 potions of curing
 g - a potion of haste
 i - a potion of berserk rage


   Skills:
 + Level 6.7 Fighting
 * Level 8.4 Polearms
 + Level 6.7 Armour
 - Level 3.6 Shields


You had 3 spell levels left.
You didn't know any spells.
Your spell library was empty.

Dungeon Overview and Level Annotations

Branches:
Dungeon (1/1)

Altars:
Cheibriados
Dithmenos
Elyvilon
Fedhas
Gozag
Hepliaklqana
Kikubaaqudgha
Makhleb
Nemelex Xobeh
Okawaru
Qazlal
Ru
Sif Muna
Trog
Uskayaw
Vehumet
Wu Jian
Xom
Yredelemnul
Zin
The Shining One
Jiyva
Lugonu


Innate Abilities, Weirdness & Mutations

You have a pair of horns on your head.
You reflexively headbutt those who attack you in melee.


Message History

Found a +3 ring of intelligence.
e - 2 potions of heal wounds;
f - 4 potions of curing
Things that are here:
2 potions of magic; a potion of invisibility
Found a +3 ring of dexterity.
j - 2 scrolls of blinking (gained 1)
You see here 2 scrolls of amnesia.
h - a wand of roots (10)
Items here: )))))).
Okay, then.
You see here a +0 pair of boots.
You see here a +0 helmet.
You see here a +1 chain mail.
k - a +3 ring of intelligence
l - a +3 ring of dexterity You open the door. 2 yaks, a komodo dragon, a two-headed ogre and 2 orcs come into view.
The yak bellows!
The orc warrior shouts!
The yak bellows!
The two-headed ogre shouts in stereo!
The orc wizard shouts!
You barely miss the orc wizard.
The orc wizard hits you but does no damage.
You barely miss the orc wizard. You hit the two-headed ogre.
The two-headed ogre is lightly wounded.
You puncture the two-headed ogre!
The two-headed ogre is lightly wounded.
The two-headed ogre barely misses you.
The two-headed ogre hits you with a +0 giant club!
* * * LOW HITPOINT WARNING * * *
The orc wizard casts a spell.
The orc wizard flickers and vanishes!
Deactivating autopickup; reactivate with Ctrl-A.
You hit the two-headed ogre.
The two-headed ogre is moderately wounded.
You hit the two-headed ogre but do no damage.
The two-headed ogre is moderately wounded.
You block the two-headed ogre's attack.
The two-headed ogre hits you with a +0 giant club!
You die...
Your body crumbles into a pile of gold.

▓.▓
$
▓Y▓
$
▓o▓
$ $
▓Y▓
$
▓l▓
$
▓{▓
▓O▓
$
▓@▓
▓.▓
$
▓[▓
▓[▓
$
▓[▓
▓.▓
$
▓)▓
$
▓?▓
$
▓!▓
$


You could see a two-headed ogre, a komodo dragon, 2 yaks and an orc warrior.

Vanquished Creatures
  A scorpion (D)
  2 iguanas (D)
  2 orcs (D)
  2 hobgoblins (D)
  A quokka (D)
  A bat (D)
  A frilled lizard (D)
10 creatures vanquished.

Notes
Turn   | Place    | Note
-------+----------+-------------------------------------------
     0 | D        | Heoruswealwe the Minotaur Fighter began the quest for the
                  | Orb.
     0 | D        | Reached XP level 1. HP: 19/19 MP: 0/0
    11 | D        | Reached skill level 3 in Polearms
    27 | D        | Noticed a scorpion
    27 | D        | Noticed an iguana
    27 | D        | Noticed an iguana
    35 | D        | Reached skill level 4 in Polearms
    40 | D        | Killed an iguana
    41 | D        | Reached skill level 5 in Fighting
    41 | D        | Reached skill level 5 in Polearms
    41 | D        | Reached skill level 5 in Armour
    41 | D        | Reached XP level 2. HP: 10/29 MP: 1/1
    41 | D        | Reached XP level 3. HP: 12/36 MP: 2/2
    45 | D        | Reached skill level 6 in Polearms
    57 | D        | Killed a scorpion
    58 | D        | Reached skill level 8 in Polearms
    58 | D        | Reached XP level 4. HP: 8/45 MP: 3/3
    64 | D        | Found a snail-covered altar of Cheibriados.
    64 | D        | Found a shadowy altar of Dithmenos.
    64 | D        | Found a white marble altar of Elyvilon.
    64 | D        | Found a blossoming altar of Fedhas.
    64 | D        | Found an opulent altar of Gozag.
    65 | D        | Found a hazy altar of Hepliaklqana.
    66 | D        | Found a viscous altar of Jiyva.
    67 | D        | Found an ancient bone altar of Kikubaaqudgha.
    68 | D        | Found a corrupted altar of Lugonu.
    69 | D        | Found a burning altar of Makhleb.
    70 | D        | Found a sparkling altar of Nemelex Xobeh.
    71 | D        | Found an iron altar of Okawaru.
    72 | D        | Became a worshipper of Gozag Ym Sagoz the Greedy
    73 | D        | Found a stormy altar of Qazlal.
    74 | D        | Found a sacrificial altar of Ru.
    75 | D        | Found a shimmering blue altar of Sif Muna.
    76 | D        | Found a bloodstained altar of Trog.
    77 | D        | Found a hide-covered altar of Uskayaw.
    78 | D        | Found a radiant altar of Vehumet.
    79 | D        | Found an ornate altar of the Wu Jian Council.
    80 | D        | Found a shimmering altar of Xom.
    81 | D        | Found a basalt altar of Yredelemnul.
    82 | D        | Found a glowing silver altar of Zin.
    83 | D        | Found a glowing golden altar of the Shining One.
   107 | D        | Noticed a yak
   107 | D        | Noticed an orc warrior
   107 | D        | Noticed a yak
   107 | D        | Noticed a komodo dragon
   107 | D        | Noticed a two-headed ogre
   113 | D        | Mangled by a two-headed ogre

Illustrated notes

Levels and vault maps discovered:
D:        linesprint [early_d, line_temple, items_1, d_10, items_2, lair_1,
          lair_end, items_3, orc_1, orc_end, items_4, d_15, swamp_1, shoals_1,
          snake_1, spider_1, d_20, vaults_1, items_5, swamp_end, shoals_end,
          snake_end, spider_end, vaults_end, d_27, items_6, zot_1, zot_end,
          crypt_end, forest_end, elf_end, slime_end, tomb_end, abyss_end,
          pan_hell_end]

Skill      XL: |  1  2  3 |
---------------+----------+-----
Polearms       | 5 8 |  8.4
Fighting       | 5 6 |  6.7
Armour         | 5 6 |  6.7
Shields        | |  3.6

Action                     |  1- 3 |  4- 6 || total
---------------------------+-------+-------++-------
  Melee: Trident           |    43 |     6 ||    49
         Headbutt          |     6 |       ||     6
    Use: Potion            |     2 |       ||     2
 Armour: Scale mail        |    14 |     1 ||    15
  Dodge: Dodged            |    13 |     1 ||    14
  Block: Buckler           |    10 |     1 ||    11
